[Event "ICC tourney 2161 (75 10)"]
[Site "Internet Chess Club"]
[Date "2020.11.29"]
[Round "8"]
[White "otcm"]
[Black "KyleZhuang"]
[Result "1/2-1/2"]
[ICCResult "Game drawn because neither player has mating material"]
[WhiteElo "1448"]
[BlackElo "1629"]
[Opening "King's Indian: Kramer system"]
[ECO "E70"]
[NIC "KI.31"]
[Time "14:49:02"]
[PlyCount "127"]
[TimeControl "4500+10"]


1. d4 Nf6 2. c4 g6 3. Nc3 Bg7 4. e4 d6 5. Nge2 O-O 6. Ng3 e5 7. d5 Nbd7 8.
Be2 a5 9. h4 h5 10. Bg5 Re8 11. Qd2 Nc5 12. Bh6 Bd7 13. Bxg7 Kxg7 14. Qg5
Kh7 15. Rf1 Ng4 16. Qxd8 Raxd8 17. Bxg4 Bxg4 18. Kd2 c6 19. f4 exf4 20.
Rxf4 Kg7 21. Raf1 Re7 22. Rf6 Kg8 23. Kc2 Na6 24. a3 Nc7 25. b4 axb4 26.
axb4 cxd5 27. cxd5 Ne8 28. R6f2 Rc8 29. Kb3 Ng7 30. Nb5 Rd7 31. Rc2 Re8 32.
Rc7 Rxc7 33. Nxc7 Rd8 34. Rc1 Rc8 35. b5 Kf8 36. Rc4 Ke7 37. Kb4 f5 38. Rc3
f4 39. Nf1 Ne8 40. Nxe8 Rxc3 41. Kxc3 Kxe8 42. Nd2 Ke7 43. b6 Kf6 44. Nc4
Ke7 45. Kd3 Bd7 46. Kd2 Bb5 47. Na5 Ba6 48. Ke1 Kf6 49. Kf2 Ke5 50. Kf3 Bd3
51. Nxb7 Bxe4+ 52. Kf2 Bxd5 53. Na5 Kf5 54. b7 Bxb7 55. Nxb7 d5 56. Nc5 Kg4
57. Ne6 Kxh4 58. Nxf4 Kg5 59. Nxd5 h4 60. Kf3 Kf5 61. Ne7+ Kg5 62. Nxg6 h3
63. Nf4 hxg2 64. Kxg2 { Game drawn because neither player has mating
material } 1/2-1/2

[Event "ICC tourney 2161 (75 10)"]
[Site "Internet Chess Club"]
[Date "2020.11.29"]
[Round "8"]
[White "Mapking1"]
[Black "Priccchess"]
[Result "1-0"]
[ICCResult "Black resigns"]
[WhiteElo "1799"]
[BlackElo "1777"]
[Opening "Philidor: exchange variation"]
[ECO "C41"]
[NIC "KP.08"]
[Time "14:49:07"]
[PlyCount "65"]
[TimeControl "4500+10"]


1. e4 e5 2. Nf3 d6 3. d4 exd4 4. Nxd4 Nf6 5. Nc3 Be7 6. Be2 O-O 7. Be3 Bd7
8. Qd2 Nc6 9. O-O-O Nxd4 10. Bxd4 Bc6 11. f3 Nd7 12. Kb1 Bf6 13. g4 Bxd4
14. Qxd4 Qf6 15. Qe3 Rfe8 16. g5 Qe6 17. Qf2 Nb6 18. Rhe1 Rad8 19. Bd3 Qe5
20. f4 Qc5 21. Qh4 Nc4 22. Bxc4 Qxc4 23. f5 d5 24. f6 b5 25. Rd3 Qc5 26.
Rh3 h6 27. fxg7 Qd6 28. gxh6 Kh7 29. Qf2 Qe6 30. Rf3 dxe4 31. Rxf7 e3 32.
g8=Q+ Kxg8 33. Qg3+ { Black resigns } 1-0

[Event "ICC tourney 2161 (75 10)"]
[Site "Internet Chess Club"]
[Date "2020.11.29"]
[Round "8"]
[White "Han366"]
[Black "tcrgm"]
[Result "1-0"]
[ICCResult "Black checkmated"]
[WhiteElo "1700"]
[BlackElo "1582"]
[Opening "QGD semi-Slav: Bogolyubov variation"]
[ECO "D45"]
[NIC "SL.08"]
[Time "14:48:56"]
[PlyCount "53"]
[TimeControl "4500+10"]


1. d4 d5 2. c4 c6 3. Nf3 Nf6 4. Nc3 e6 5. e3 Be7 6. Bd3 Nbd7 7. O-O O-O 8.
b3 Qc7 9. Bb2 b6 10. Rc1 Bd6 11. h3 e5 12. cxd5 exd4 13. Nxd4 Be5 14. Nxc6
Nc5 15. Nb5 Qd7 16. Nxe5 Qxd5 17. Nc7 Qb7 18. Nxa8 Qxa8 19. Ng4 Nxg4 20.
hxg4 Nxd3 21. Qxd3 f6 22. f3 a5 23. Rfd1 Bb7 24. Rc7 Bxf3 25. Qd7 Rf7 26.
Qxf7+ Kh8 27. Qxg7# { Black checkmated } 1-0

[Event "ICC tourney 2161 (75 10)"]
[Site "Internet Chess Club"]
[Date "2020.11.29"]
[Round "8"]
[White "Cooliguess"]
[Black "MacAndSneeze"]
[Result "1-0"]
[ICCResult "Black checkmated"]
[WhiteElo "1750"]
[BlackElo "1561"]
[Opening "King's Indian: Makagonov system (5.h3)"]
[ECO "E71"]
[NIC "KI.30"]
[Time "14:48:55"]
[PlyCount "127"]
[TimeControl "4500+10"]


1. d4 Nf6 2. c4 g6 3. Nc3 Bg7 4. e4 d6 5. h3 O-O 6. Bg5 e5 7. dxe5 dxe5 8.
Qxd8 Rxd8 9. Nd5 Nbd7 10. Nxc7 Rb8 11. f3 b6 12. Kf2 Bb7 13. Nd5 h6 14. Be3
Nxd5 15. cxd5 f5 16. Bd3 Rf8 17. Ke1 Nf6 18. Ne2 fxe4 19. fxe4 Nh5 20. Kd2
Nf4 21. Rhg1 Rbc8 22. Nc3 Nxd3 23. Kxd3 Ba6+ 24. Kd2 Rf7 25. b4 Rfc7 26.
Rac1 Bf8 27. a3 h5 28. b5 Bb7 29. Nb1 Bc5 30. Bxc5 Rxc5 31. Rxc5 Rxc5 32.
Nc3 Bc8 33. Rf1 Kg7 34. a4 Bd7 35. Rb1 Kf7 36. Rb4 Ke7 37. Ne2 g5 38. Nc1
Rc8 39. Nd3 Kd6 40. Nb2 Ke7 41. Rc4 h4 42. Rxc8 Bxc8 43. Nd3 Kd6 44. Ke3 g4
45. Nf2 gxh3 46. Nxh3 Bg4 47. Kd2 Kc5 48. Nf2 Bh5 49. Kc3 Be2 50. Nd3+ Kd6
51. Ne1 Bd1 52. Nc2 Be2 53. Ne3 Kd7 54. Nc4 Bf1 55. Ne3 Be2 56. Kd2 Bh5 57.
Nc4 Ke7 58. Nxe5 Kd6 59. Nc4+ Kc5 60. d6 Be8 61. Kc3 Bf7 62. d7 Be8 63.
dxe8=Q h3 64. Qc6# { Black checkmated } 1-0

[Event "ICC tourney 2161 (75 10)"]
[Site "Internet Chess Club"]
[Date "2020.11.29"]
[Round "8"]
[White "wildrumpus"]
[Black "tightfist"]
[Result "1-0"]
[ICCResult "Black checkmated"]
[WhiteElo "1468"]
[BlackElo "1507"]
[Opening "Queen's pawn: stonewall attack"]
[ECO "A45"]
[NIC "QP.07"]
[Time "14:49:10"]
[PlyCount "153"]
[TimeControl "4500+10"]


1. d4 Nf6 2. e3 d5 3. Bd3 Bg4 4. Ne2 e6 5. f3 Bf5 6. Nd2 Bxd3 7. cxd3 c6 8.
O-O Be7 9. f4 O-O 10. Nf3 Nbd7 11. Ne5 Qc7 12. Rf3 c5 13. Rh3 Rac8 14. Kh1
cxd4 15. exd4 Qc2 16. Qe1 Qa4 17. Bd2 Rc2 18. Bc3 Rc8 19. Qd1 Bb4 20. b3
Qa5 21. Qxc2 Bxc3 22. Rc1 b5 23. b4 Qxb4 24. Nxc3 Qxd4 25. Nxd7 Nxd7 26.
Qd2 a6 27. Ne2 Rxc1+ 28. Qxc1 Qf2 29. Qd2 g6 30. Rf3 Qh4 31. Ng3 Qd8 32. d4
Kg7 33. Qc2 Nf6 34. h3 Qd7 35. Ra3 Qd6 36. Qc1 Qb6 37. Qc5 Qb7 38. Rb3 Qb8
39. a4 Nd7 40. Qc1 Nf6 41. axb5 axb5 42. Ne2 Ne4 43. g3 Nf2+ 44. Kg2 Ne4
45. Nc3 Nd6 46. Qb1 Qb6 47. Nxb5 Nxb5 48. Rxb5 Qxd4 49. Qb2 Qxb2+ 50. Rxb2
Kf6 51. Kf3 h6 52. g4 g5 53. Re2 gxf4 54. Kxf4 Kg6 55. Re5 Kf6 56. Rh5 Kg6
57. Re5 Kf6 58. h4 Kg6 59. g5 h5 60. Re1 Kg7 61. Ke5 Kg6 62. Rf1 Kg7 63.
Rf6 Kf8 64. Rh6 Kg7 65. Rxh5 Kg6 66. Rh6+ Kg7 67. Rf6 Kg8 68. h5 Kg7 69.
h6+ Kg8 70. g6 fxg6 71. Rxg6+ Kh7 72. Rxe6 d4 73. Kxd4 Kh8 74. Ke5 Kh7 75.
Kf5 Kh8 76. Kg6 Kg8 77. Re8# { Black checkmated } 1-0

[Event "ICC tourney 2161 (75 10)"]
[Site "Internet Chess Club"]
[Date "2020.11.29"]
[Round "8"]
[White "virajphadke"]
[Black "MikeWMason"]
[Result "1/2-1/2"]
[ICCResult "Game drawn by mutual agreement"]
[WhiteElo "1589"]
[BlackElo "1762"]
[Opening "QGD: Albin counter-gambit"]
[ECO "D08"]
[NIC "QG.02"]
[Time "14:49:08"]
[PlyCount "67"]
[TimeControl "4500+10"]


1. d4 d5 2. c4 e5 3. dxe5 d4 4. Nf3 Nc6 5. Bf4 Be6 6. Nbd2 Bb4 7. Rc1 Nge7
8. a3 Bxd2+ 9. Qxd2 a5 10. Ng5 Qd7 11. Nxe6 Qxe6 12. e3 Rd8 13. Bd3 dxe3
14. Qxe3 Nf5 15. Bxf5 Qxf5 16. Bg3 O-O 17. O-O Rd3 18. Qe2 Nd4 19. Qe1 Rd8
20. Kh1 Nb3 21. h3 Nxc1 22. Qxc1 Qd7 23. e6 fxe6 24. Qg5 Rd1 25. Rxd1 Qxd1+
26. Kh2 Qd7 27. Qxa5 c6 28. Qe5 Rf8 29. c5 Rf5 30. Qe3 Qd5 31. b4 e5 32. f3
Qd4 33. Qb3+ Qd5 34. Qc2 { Game drawn by mutual agreement } 1/2-1/2

[Event "ICC tourney 2161 (75 10)"]
[Site "Internet Chess Club"]
[Date "2020.11.29"]
[Round "8"]
[White "kinpin007"]
[Black "FlowingMelody"]
[Result "1/2-1/2"]
[ICCResult "Game drawn by mutual agreement"]
[WhiteElo "1525"]
[BlackElo "1317"]
[Opening "QGD: Lasker defense"]
[ECO "D56"]
[NIC "QP.08"]
[Time "14:48:53"]
[PlyCount "152"]
[TimeControl "4500+10"]


1. d4 d5 2. c4 e6 3. Nf3 Be7 4. Nc3 Nf6 5. Bg5 h6 6. Bh4 O-O 7. e3 Ne4 8.
Bxe7 Qxe7 9. Nxe4 dxe4 10. Nd2 f5 11. Be2 b6 12. Rc1 Nd7 13. O-O c5 14. Nb3
Bb7 15. d5 exd5 16. cxd5 Qd6 17. Rc2 Nf6 18. Bc4 Ng4 19. g3 Ne5 20. Be2
Qxd5 21. Qc1 Kh8 22. Bc4 Nxc4 23. Rd1 Qe6 24. Rxc4 Rfd8 25. Rc2 Rxd1+ 26.
Qxd1 c4 27. Nd4 Qf7 28. Qc1 Ba6 29. a3 b5 30. Qd2 Rb8 31. Qb4 Qf8 32. Qa5
Rb6 33. Qd2 Qf6 34. Qb4 Bc8 35. Qc5 Ba6 36. Qxf5 Qxf5 37. Nxf5 b4 38. axb4
Rxb4 39. Nd6 c3 40. Rxc3 Rxb2 41. Nxe4 Rb1+ 42. Kg2 Bf1+ 43. Kf3 Rb2 44.
Ra3 Rb7 45. Nd2 Rf7+ 46. Ke4 Rxf2 47. Nxf1 Rxf1 48. Rxa7 Kh7 49. Ra2 Rf6
50. Ke5 Kg6 51. Re2 Kg5 52. e4 h5 53. Kd5 Kg6 54. e5 Rf5 55. Ke6 Rf7 56.
Kd6 Ra7 57. e6 Ra6+ 58. Kd7 Ra7+ 59. Kc6 Kf6 60. Kd5 Ra5+ 61. Kd6 Ra6+ 62.
Kd5 Ra5+ 63. Kd6 Ra6+ 64. Kd7 Ra7+ 65. Kd6 Ra6+ 66. Kd5 Ra5+ 67. Kd4 Ke7
68. Re5 Ra6 69. Rxh5 Rxe6 70. Re5 Rxe5 71. Kxe5 Kf7 72. Kf5 g6+ 73. Kg5 Kg7
74. h4 Kh7 75. Kf6 Kh6 76. Kf7 g5 { Game drawn by mutual agreement }
1/2-1/2

[Event "ICC tourney 2161 (75 10)"]
[Site "Internet Chess Club"]
[Date "2020.11.29"]
[Round "8"]
[White "narayan0811"]
[Black "TigerSahi"]
[Result "0-1"]
[ICCResult "White checkmated"]
[WhiteElo "1371"]
[BlackElo "1627"]
[Opening "Giuoco Pianissimo: Italian four knights variation"]
[ECO "C50"]
[NIC "IG.02"]
[Time "14:49:13"]
[PlyCount "178"]
[TimeControl "4500+10"]


1. e4 e5 2. Nf3 Nc6 3. Bc4 Bc5 4. Nc3 Nf6 5. d3 O-O 6. O-O d6 7. h3 h6 8.
Be3 Bb6 9. Bxb6 axb6 10. d4 exd4 11. Nxd4 Ne5 12. Be2 Re8 13. Nf3 Ng6 14.
Bd3 Be6 15. Re1 Nf4 16. e5 dxe5 17. Nxe5 N6d5 18. Nxd5 Bxd5 19. Qg4 Qf6 20.
Nf3 Nxd3 21. cxd3 Bxf3 22. Qxf3 Qxf3 23. gxf3 Kf8 24. Re4 Rad8 25. Rd1 Rd6
26. Kf1 Ra8 27. a3 Ra5 28. Rde1 Rd8 29. Rc4 c6 30. Rce4 Rad5 31. Re7 R5d7
32. Rxd7 Rxd7 33. Re3 Re7 34. Ke2 Ke8 35. Kd2 Kd7 36. Kc3 Kd6 37. Kc4 Re5
38. b4 b5+ 39. Kc3 g5 40. d4 Rf5 41. Kd3 Rf4 42. Ke2 Rxd4 43. Re8 Rh4 44.
Rb8 Kc7 45. Rf8 Rxh3 46. Rxf7+ Kb6 47. Rf6 Rh1 48. Re6 Ra1 49. Rxh6 Ra2+
50. Kf1 Rxa3 51. Rg6 Rxf3 52. Rxg5 Rf4 53. Ke2 Rxb4 54. f3 Rf4 55. Ke3 Rf8
56. f4 b4 57. Rg1 Kb5 58. Rf1 b3 59. Kd2 Kb4 60. f5 Ka3 61. Kc3 b2 62. Kc2
b5 63. f6 Ka2 64. Rb1 Rxf6 65. Rxb2+ Ka3 66. Rb3+ Ka4 67. Rb1 Rf3 68. Kd2
b4 69. Rc1 Kb5 70. Re1 c5 71. Kc2 c4 72. Re5+ Ka4 73. Re1 Rf2+ 74. Kb1 Kb3
75. Kc1 c3 76. Kb1 Rd2 77. Kc1 Ra2 78. Kd1 Ra1+ 79. Ke2 Rxe1+ 80. Kxe1 c2
81. Kd2 Kb2 82. Kd3 c1=Q 83. Kd4 Ka2 84. Ke5 b3 85. Kd6 b2 86. Ke7 Qc6 87.
Kf8 b1=Q 88. Kg7 Qbb7+ 89. Kf8 Qcc8# { White checkmated } 0-1

[Event "ICC tourney 2161 (75 10)"]
[Site "Internet Chess Club"]
[Date "2020.11.29"]
[Round "9"]
[White "EW2006"]
[Black "yogokings12"]
[Result "0-1"]
[ICCResult "White resigns"]
[WhiteElo "1249"]
[BlackElo "1669"]
[Opening "Sicilian: Canal-Sokolsky attack, 3...Bd7"]
[ECO "B52"]
[NIC "SI.01"]
[Time "18:36:29"]
[PlyCount "102"]
[TimeControl "4500+10"]


1. e4 c5 2. Nf3 d6 3. Bb5+ Bd7 4. Bxd7+ Qxd7 5. O-O g6 6. c4 Bg7 7. Nc3 Nf6
8. d3 O-O 9. Nd5 Nxd5 10. cxd5 Na6 11. a3 Nc7 12. Rb1 a5 13. Bd2 b5 14. Qc2
b4 15. a4 e6 16. dxe6 Nxe6 17. b3 Nd4 18. Nxd4 Bxd4 19. Bh6 Bg7 20. Bxg7
Kxg7 21. Qc4 Qe6 22. Qxe6 fxe6 23. f3 Rf7 24. Rbc1 Raf8 25. Rc2 Rc7 26.
Rfc1 Rfc8 27. d4 Kf6 28. dxc5 Rxc5 29. Rxc5 Rxc5 30. Rd1 Ke5 31. Rb1 Rc3
32. h3 d5 33. exd5 exd5 34. Kf2 Rc2+ 35. Kg3 Kd4 36. Rd1+ Kc5 37. Rb1 d4
38. Rd1 Rc3 39. Rb1 d3 40. Kf4 Kd4 41. g4 d2 42. Rd1 Kd3 43. Kg5 Rc1 44.
Rxd2+ Kxd2 45. Kh6 Rh1 46. Kxh7 Rxh3+ 47. Kxg6 Rxf3 48. Kh5 Rxb3 49. g5 Rg3
50. Kh4 Rg1 51. Kh5 b3 { White resigns } 0-1

[Event "ICC tourney 2161 (75 10)"]
[Site "Internet Chess Club"]
[Date "2020.11.29"]
[Round "9"]
[White "ivo20"]
[Black "atjn494"]
[Result "0-1"]
[ICCResult "White resigns"]
[WhiteElo "1416"]
[BlackElo "1568"]
[Opening "Benko's opening"]
[ECO "A00"]
[NIC "VO.09"]
[Time "18:35:33"]
[PlyCount "66"]
[TimeControl "4500+10"]


1. g3 g6 2. Bg2 Bg7 3. Nc3 Nf6 4. b3 O-O 5. Bb2 Nc6 6. Rb1 d5 7. d4 Bf5 8.
Nf3 Nb4 9. e4 Nxe4 10. O-O Nxc3 11. Bxc3 Bxc2 12. Qd2 Bxb1 13. Bxb4 Bf5 14.
Re1 Re8 15. Qf4 e6 16. Bf1 a5 17. Bc3 Qe7 18. g4 Be4 19. Nd2 g5 20. Qe3 Bg6
21. Bd3 Bxd3 22. Qxd3 c5 23. Re3 cxd4 24. Rh3 h6 25. Bxd4 e5 26. Bb2 e4 27.
Qc2 Rac8 28. Qb1 Bxb2 29. Qxb2 Qe5 30. Qa3 Qa1+ 31. Kg2 Rc1 32. Rxh6 Rg1+
33. Kh3 Qc3+ { White resigns } 0-1

[Event "ICC tourney 2161 (75 10)"]
[Site "Internet Chess Club"]
[Date "2020.11.29"]
[Round "9"]
[White "falcongw"]
[Black "SamLightning"]
[Result "0-1"]
[ICCResult "White resigns"]
[WhiteElo "1256"]
[BlackElo "1649"]
[Opening "Sicilian: Hungarian variation"]
[ECO "B34"]
[NIC "SI.43"]
[Time "18:35:43"]
[PlyCount "70"]
[TimeControl "4500+10"]


1. e4 c5 2. Nf3 g6 3. d4 cxd4 4. Nxd4 Bg7 5. Nc3 Nc6 6. Be3 Nf6 7. f3 O-O
8. Bc4 a6 9. Qd2 b5 10. Bb3 Bb7 11. O-O d6 12. Nxc6 Bxc6 13. a4 b4 14. Nd5
Bxd5 15. exd5 a5 16. Bh6 Bxh6 17. Qxh6 Qb6+ 18. Kh1 Qd4 19. Rfe1 Nh5 20. g4
Nf6 21. g5 Nh5 22. Re4 Qf2 23. Rae1 Qxf3+ 24. Kg1 Nf4 25. Rxf4 Qxf4 26. Rf1
Qe3+ 27. Kg2 Qe2+ 28. Rf2 Qg4+ 29. Kf1 e5 30. dxe6 fxe6 31. Rf6 Rxf6+ 32.
gxf6 Qf5+ 33. Kg2 Qxf6 34. Qd2 Rf8 35. Qxd6 Qf3+ { White resigns } 0-1

[Event "ICC tourney 2161 (75 10)"]
[Site "Internet Chess Club"]
[Date "2020.11.29"]
[Round "9"]
[White "ChessMindTT"]
[Black "MehPlayer"]
[Result "1-0"]
[ICCResult "Black resigns"]
[WhiteElo "1417"]
[BlackElo "1548"]
[Opening "Scandinavian defense"]
[ECO "B01"]
[NIC "SD.03"]
[Time "18:36:03"]
[PlyCount "35"]
[TimeControl "4500+10"]


1. e4 d5 2. exd5 Nf6 3. Nc3 e6 4. Bb5+ Nbd7 5. dxe6 fxe6 6. Qe2 e5 7. Qxe5+
Be7 8. Qe6 c6 9. Bc4 Rf8 10. Ne4 Nc5 11. Nxf6+ Rxf6 12. Qg8+ Rf8 13. Qxh7
Qd4 14. Qh5+ Kd8 15. Qe2 b5 16. Bb3 Kc7 17. Qxe7+ Bd7 18. Nf3 { Black
resigns } 1-0

[Event "ICC tourney 2161 (75 10)"]
[Site "Internet Chess Club"]
[Date "2020.11.29"]
[Round "9"]
[White "VincentT2008"]
[Black "JavierDix"]
[Result "0-1"]
[ICCResult "White resigns"]
[WhiteElo "1751"]
[BlackElo "1421"]
[Opening "Modern defense"]
[ECO "A40"]
[NIC "QO.17"]
[Time "18:36:12"]
[PlyCount "70"]
[TimeControl "4500+10"]


1. d4 g6 2. c4 Bg7 3. Nc3 c5 4. d5 Qa5 5. Qc2 Na6 6. a3 d6 7. e4 Nb4 8. Qb3
Bxc3+ 9. Qxc3 Nc2+ 10. Kd1 Qxc3 11. bxc3 Nxa1 12. f4 Nb3 13. Bb2 Bg4+ 14.
Kc2 Na5 15. h3 Bd7 16. Nf3 Nf6 17. e5 Nh5 18. Bc1 Ng3 19. Rg1 Ba4+ 20. Kb2
Nxf1 21. Rxf1 Nxc4+ 22. Ka2 dxe5 23. fxe5 O-O 24. Bg5 f6 25. Bh6 Rf7 26. e6
Rff8 27. Bxf8 Kxf8 28. g4 Rd8 29. g5 f5 30. h4 Rxd5 31. h5 Nd2 32. Nxd2
Rxd2+ 33. Kb1 Rd1+ 34. Rxd1 Bxd1 35. h6 Bb3 { White resigns } 0-1

[Event "ICC tourney 2161 (75 10)"]
[Site "Internet Chess Club"]
[Date "2020.11.29"]
[Round "9"]
[White "UltimateDL"]
[Black "kwarrier"]
[Result "1-0"]
[ICCResult "Black resigns"]
[WhiteElo "1480"]
[BlackElo "1472"]
[Opening "Pirc: classical (two knights) system"]
[ECO "B06"]
[NIC "PU.10"]
[Time "18:35:56"]
[PlyCount "69"]
[TimeControl "4500+10"]


1. e4 g6 2. d4 Bg7 3. Nf3 d6 4. Nc3 Nf6 5. Be3 Bg4 6. h3 Bh5 7. Bg5 Nbd7 8.
g4 Nxg4 9. hxg4 Bxg4 10. Be2 c6 11. Qd2 Qb6 12. O-O-O f6 13. Be3 O-O-O 14.
Bh6 Bxh6 15. Rxh6 e5 16. d5 cxd5 17. Nxd5 Qxf2 18. Rh2 Qc5 19. b4 Qb6 20.
Nxb6+ Nxb6 21. Qc3+ Kb8 22. Nd2 Bxe2 23. Rxe2 f5 24. exf5 gxf5 25. Qf3 Rhf8
26. Rh2 Rf7 27. Rdh1 Rdd7 28. Qg2 Kc7 29. Qf3 e4 30. Qc3+ Kb8 31. Qh8+ Nc8
32. Rxh7 e3 33. Nf3 e2 34. Rxf7 Rxf7 35. Rh7 { Black resigns } 1-0

[Event "ICC tourney 2161 (75 10)"]
[Site "Internet Chess Club"]
[Date "2020.11.29"]
[Round "9"]
[White "wildrumpus"]
[Black "hemtej-g"]
[Result "1-0"]
[ICCResult "Black resigns"]
[WhiteElo "1468"]
[BlackElo "1594"]
[Opening "Queen's pawn game"]
[ECO "D00"]
[NIC "QP.08"]
[Time "18:35:43"]
[PlyCount "75"]
[TimeControl "4500+10"]


1. d4 d5 2. e3 c6 3. Bd3 Nf6 4. Nd2 g6 5. Ngf3 Bg7 6. O-O O-O 7. b3 Re8 8.
Bb2 Nbd7 9. Ne5 Qc7 10. f4 c5 11. c4 cxd4 12. exd4 e6 13. Rc1 dxc4 14. Bxc4
Qb8 15. Ndf3 b5 16. Be2 Bb7 17. Ng5 Nxe5 18. fxe5 Nd5 19. Rxf7 h6 20. Bxb5
Rc8 21. Rxg7+ Kxg7 22. Nxe6+ Kh7 23. Qf3 Rxc1+ 24. Bxc1 Qg8 25. Qh3 h5 26.
Ng5+ Kh8 27. Qd7 Qg7 28. Nf7+ Kg8 29. Qxb7 Rf8 30. Qxd5 Qxf7 31. Qxf7+ Kxf7
32. Kf2 Rc8 33. Bc4+ Ke7 34. Bg5+ Ke8 35. d5 Rc5 36. a4 a5 37. Ke3 Rc7 38.
d6 { Black resigns } 1-0

[Event "ICC tourney 2161 (75 10)"]
[Site "Internet Chess Club"]
[Date "2020.11.29"]
[Round "9"]
[White "ChunkyApple"]
[Black "lovechess12"]
[Result "1-0"]
[ICCResult "Black resigns"]
[WhiteElo "1286"]
[BlackElo "1285"]
[Opening "Giuoco Piano"]
[ECO "C50"]
[NIC "IG.02"]
[Time "18:36:29"]
[PlyCount "46"]
[TimeControl "4500+10"]


1. e4 e5 2. Nf3 Nc6 3. Bc4 Bc5 4. Nc3 d6 5. h3 Nf6 6. d3 h6 7. Be3 Bb6 8.
a3 O-O 9. d4 Re8 10. dxe5 Bxe3 11. exf6 Bxf2+ 12. Kxf2 Qxf6 13. Nd5 Qd8 14.
Re1 Ne5 15. Nxe5 Rxe5 16. Qd3 c6 17. Nc3 Be6 18. Re3 Bxc4 19. Qxc4 Qb6 20.
Na4 Qc7 21. Nc3 Qb6 22. Qb4 Qc7 23. Rd1 c5 { Black resigns } 1-0

[Event "ICC tourney 2161 (75 10)"]
[Site "Internet Chess Club"]
[Date "2020.11.29"]
[Round "9"]
[White "Tomasleo"]
[Black "atharvamchess"]
[Result "0-1"]
[ICCResult "White resigns"]
[WhiteElo "1416"]
[BlackElo "1502"]
[Opening "Scotch: Göring gambit"]
[ECO "C44"]
[NIC "SO.06"]
[Time "18:35:39"]
[PlyCount "74"]
[TimeControl "4500+10"]


1. e4 e5 2. Nf3 Nc6 3. d4 exd4 4. c3 Nf6 5. e5 Nd5 6. Qb3 Nb6 7. cxd4 d5 8.
Nc3 h6 9. Bb5 Bd7 10. Nxd5 Be6 11. Qc3 Bxd5 12. Bf4 a6 13. Bxc6+ Bxc6 14.
O-O-O Nd5 15. Qb3 Qd7 16. Bg3 O-O-O 17. Rhe1 Ba4 18. Qc4 Bxd1 19. e6 Qc6
20. Qxc6 bxc6 21. Ne5 Bh5 22. Nxc6 Re8 23. Re5 Rxe6 24. Rxd5 Rxc6+ 25. Kd2
Bg6 26. Bh4 Bb4+ 27. Ke3 Re8+ 28. Kf4 Bd2+ 29. Kg4 f5+ 30. Kf3 Bh5+ 31. g4
Bxg4+ 32. Kg2 g5 33. f3 gxh4 34. fxg4 fxg4 35. Rh5 Rc2 36. Rxh4 Bf4+ 37.
Kf1 Rxh2 { White resigns } 0-1

[Event "ICC tourney 2161 (75 10)"]
[Site "Internet Chess Club"]
[Date "2020.11.29"]
[Round "9"]
[White "iamvoltu"]
[Black "joeandjoe56"]
[Result "1-0"]
[ICCResult "Black checkmated"]
[WhiteElo "1600"]
[BlackElo "1736"]
[Opening "Grünfeld with Bf4 & e3"]
[ECO "D93"]
[NIC "QP.03"]
[Time "18:36:19"]
[PlyCount "47"]
[TimeControl "4500+10"]


1. d4 Nf6 2. Bf4 g6 3. Nf3 Bg7 4. e3 O-O 5. c4 d5 6. Nc3 c5 7. Bd3 Nc6 8.
O-O cxd4 9. Nxd4 Nxd4 10. exd4 dxc4 11. Bxc4 Bf5 12. Re1 Rc8 13. Bb3 a6 14.
h3 h5 15. Qd2 Qd7 16. Rad1 Rfd8 17. d5 b5 18. a3 Ne8 19. Bg5 Bf6 20. d6
exd6 21. Rxe8+ Qxe8 22. Bxf6 Rd7 23. Qh6 Qf8 24. Qh8# { Black checkmated }
1-0

[Event "ICC tourney 2161 (75 10)"]
[Site "Internet Chess Club"]
[Date "2020.11.29"]
[Round "9"]
[White "KyleZhuang"]
[Black "LittleJimmy"]
[Result "1-0"]
[ICCResult "Black checkmated"]
[WhiteElo "1629"]
[BlackElo "1489"]
[Opening "Ruy Lopez: Wormald (Alapin) attack"]
[ECO "C77"]
[NIC "RL.12"]
[Time "18:35:51"]
[PlyCount "69"]
[TimeControl "4500+10"]


1. e4 e5 2. Nf3 Nc6 3. Bb5 a6 4. Ba4 Nf6 5. Qe2 b5 6. Bb3 Be7 7. c3 O-O 8.
O-O d5 9. d3 d4 10. Rd1 Bb7 11. Nbd2 Re8 12. Nf1 Nd7 13. Ng3 Nc5 14. Bc2
Qd7 15. Nf5 Bf6 16. h3 g6 17. Nh6+ Kh8 18. Ng5 Re7 19. Qf3 Bg7 20. Ngxf7+
Rxf7 21. Nxf7+ Kg8 22. Nh6+ Kh8 23. Ng4 Rf8 24. Qg3 h5 25. Nh2 Qf7 26. Nf3
Ne6 27. Bb3 Qe7 28. Qxg6 Rf6 29. Qxh5+ Kg8 30. Ng5 Rh6 31. Bxe6+ Kh8 32.
Nf7+ Kh7 33. Bxh6 Bxh6 34. Qxh6+ Kg8 35. Qh8# { Black checkmated } 1-0

[Event "ICC tourney 2161 (75 10)"]
[Site "Internet Chess Club"]
[Date "2020.11.29"]
[Round "9"]
[White "tightfist"]
[Black "SunnyCountry"]
[Result "0-1"]
[ICCResult "White resigns"]
[WhiteElo "1507"]
[BlackElo "1313"]
[Opening "Queen's pawn game, Darooha variation "]
[ECO "D02"]
[NIC "QP.09"]
[Time "18:35:41"]
[PlyCount "70"]
[TimeControl "4500+10"]


1. Nf3 d5 2. d4 Nf6 3. g3 e6 4. Bg2 c5 5. c3 Nc6 6. O-O Be7 7. Bg5 O-O 8.
Nbd2 h6 9. Be3 b6 10. h3 Bb7 11. Ne5 Nxe5 12. dxe5 Nd7 13. f4 Qc7 14. Rc1
Rac8 15. Nf3 f6 16. exf6 Nxf6 17. Ne5 Bd6 18. Ng6 Rfe8 19. Bf2 Ne4 20. Bxe4
dxe4 21. Qd2 Qc6 22. c4 e3 23. Qd5 exd5 24. Bxe3 Rxe3 25. Nh4 d4 26. Nf3
Bxf4 27. Kg2 Qg6 28. g4 Bxf3+ 29. exf3 Re2+ 30. Rf2 Rxf2+ 31. Kxf2 Qe6 32.
Re1 Be3+ 33. Kg2 Rf8 34. b3 Qc6 35. Re2 Qxf3+ { White resigns } 0-1

[Event "ICC tourney 2161 (75 10)"]
[Site "Internet Chess Club"]
[Date "2020.11.29"]
[Round "9"]
[White "rachael1120"]
[Black "Eagle2020"]
[Result "1-0"]
[ICCResult "Black checkmated"]
[WhiteElo "1683"]
[BlackElo "1505"]
[Opening "French: advance, Euwe variation"]
[ECO "C02"]
[NIC "FR.03"]
[Time "18:35:34"]
[PlyCount "113"]
[TimeControl "4500+10"]


1. e4 e6 2. d4 d5 3. e5 c5 4. c3 Nc6 5. Nf3 Bd7 6. Bd3 Qb6 7. Bc2 cxd4 8.
cxd4 Nb4 9. Nc3 Nxc2+ 10. Qxc2 Ne7 11. O-O Nf5 12. Rd1 g6 13. Bg5 Bg7 14.
Qd2 Ne7 15. Rab1 Nc6 16. Qf4 h6 17. Bf6 g5 18. Qe3 O-O 19. Nxg5 Kh8 20. Qh3
Kg8 21. Nf3 Bxf6 22. exf6 Kh7 23. Qh5 Rg8 24. Qxf7+ Kh8 25. Qxd7 Qd8 26.
Qxe6 Qe8 27. Qxe8 Rgxe8 28. Nxd5 Rad8 29. Nc7 Re4 30. d5 Ne5 31. Nxe5 Rxe5
32. Ne6 Rd7 33. Rbc1 b5 34. Rc7 Rxc7 35. Nxc7 Rf5 36. d6 Rxf6 37. d7 Rf8
38. d8=Q Rxd8 39. Rxd8+ Kg7 40. f4 Kf6 41. g4 a5 42. Rd6+ Ke7 43. Rxh6 a4
44. g5 b4 45. Nd5+ Kf7 46. Nxb4 Kg7 47. b3 a3 48. Nd3 Kg8 49. b4 Kf7 50. b5
Ke7 51. b6 Kd7 52. g6 Ke7 53. b7 Kf6 54. b8=Q Kf5 55. Qe5+ Kg4 56. Nf2+ Kf3
57. Qe4# { Black checkmated } 1-0

[Event "ICC tourney 2161 (75 10)"]
[Site "Internet Chess Club"]
[Date "2020.11.29"]
[Round "9"]
[White "ChessG2011"]
[Black "CheddarCheng1"]
[Result "0-1"]
[ICCResult "White resigns"]
[WhiteElo "1200"]
[BlackElo "1463"]
[Opening "Four knights: Italian variation"]
[ECO "C55"]
[NIC "IG.01"]
[Time "18:35:59"]
[PlyCount "72"]
[TimeControl "4500+10"]


1. e4 e5 2. Nf3 Nc6 3. Bc4 Nf6 4. Nc3 d6 5. d3 Be7 6. h3 O-O 7. a3 Be6 8.
Bxe6 fxe6 9. O-O d5 10. Re1 Bd6 11. Bg5 d4 12. Nb1 Ne7 13. c3 c5 14. c4 Ng6
15. Nbd2 h6 16. Bxf6 Rxf6 17. Nf1 Qb6 18. Qd2 Nf4 19. Ng3 Qb3 20. Red1 b5
21. cxb5 Qxb5 22. Rab1 Rc8 23. Rbc1 c4 24. Ne1 Rb8 25. Rc2 cxd3 26. Nxd3
Rbf8 27. f3 Rg6 28. Kh2 Be7 29. Nxf4 exf4 30. Ne2 e5 31. Qd3 Qb6 32. Qc4+
Kh7 33. Qc7 Qb3 34. Rdd2 Bh4 35. Qxe5 d3 36. Rc3 dxe2 { White resigns } 0-1